 Dungeon Crawl Stone Soup version 0.30-b1-2-g02819fbbbe (webtiles) character file.

Game seed: 11684997783254815802

101 protoss039 the Digger (level 4, -1/33 HPs)
             Began as a Demonspawn Earth Elementalist on July 2, 2023.
             Slain by an orc
             ... wielding a +0 flail
              (7 damage)
             ... on level 3 of the Dungeon.
             The game lasted 00:02:11 (1722 turns).

protoss039 the Digger (DsEE)                        Turns: 1722, Time: 00:02:12

Health: -1/33      AC:  8    Str:  8    XL:     4   Next: 48%
Magic:  2/8        EV: 12    Int: 18    God:
Gold:   54         SH:  0    Dex: 14    Spells: 8/9 levels left

rFire   . . .        i - +1 short sword (drain)
rCold   . . .        (no shield)
rNeg    . . .        a - +0 robe
rPois   .            (no helmet)
rElec   .            (no cloak)
rCorr   .            (no gloves)
SInv    .            (no boots)
Will    .....        (no amulet)
Stlth   ++           e - ring of flight
HPRegen 0.25/turn    (no ring)
MPRegen 0.11/turn

%: no passive effects
@: brilliant, sanguine armoured, attractive, flying
A: sanguine armour 1
a: no special abilities


You were on level 3 of the Dungeon.
You visited 1 branch of the dungeon, and saw 3 of its levels.

You collected 54 gold pieces.

Inventory:

Hand Weapons
 i - a +1 short sword of draining (weapon)
Armour
 a - a +0 robe (worn)
Jewellery
 e - a ring of flight (left hand)
 j - a +6 ring of strength
 k - a ring of positive energy
Scrolls
 c - a scroll of identify {unknown}
 d - a scroll of enchant armour {unknown}
 h - a scroll of teleportation {unknown}
Potions
 b - a potion of magic
 f - a potion of attraction


   Skills:
 + Level 2.2 Fighting
 - Level 1.7 Dodging
 - Level 1.7 Stealth
 + Level 3.0 Spellcasting
 - Level 0.8 Transmutations
 + Level 3.5 Earth Magic


You had 8 spell levels left.
You knew the following spells:

 Your Spells              Type           Power      Damage    Failure   Level
a - Sandblast             Erth           46%        2d11      3%          1

Your spell library contained the following spells:

 Spells                   Type           Power      Damage    Failure   Level
 Passwall                 Tmut/Erth      12%        N/A       10%         2
 Stone Arrow              Conj/Erth      26%        3d8       24%         3
 Call Canine Familiar     Summ           4%         N/A       43%         3
 Portal Projectile        Hex/Tloc       8%         N/A       43%         3
 Petrify                  Tmut/Erth      15%        N/A       54%         4
 Leda's Liquefaction      Hex/Erth       6%         N/A       61%         4


Dungeon Overview and Level Annotations

Branches:
Dungeon (2/15) Zot: 16234

Altars:
Dithmenos
Fedhas
Trog
Uskayaw


Innate Abilities, Weirdness & Mutations

When seriously injured, your blood forms armour. (AC +6)


Message History

You hit the orc but do no damage. The orc barely misses you.
The orc hits you with a +0 falchion.
You hit the orc. You drain the orc.
You kill the orc!
You closely miss the orc.
The orc is moderately wounded.
Something hits you. The orc hits you but does no damage.
The orc closely misses you.
You hit the orc.
The orc is heavily wounded.
The orc barely misses you. The orc completely misses you. Something hits you.
* * * LOW HITPOINT WARNING * * *
It was a potion of attraction.
You feel attractive to monsters. The orc barely misses you.
The orc hits you but does no damage. Something hits you but does no damage.
Unknown command.
It was a potion of brilliance.
You feel clever all of a sudden. The orc closely misses you.
The orc hits you but does no damage. Something hits you.
* * * LOW HITPOINT WARNING * * *
Unknown command.
Casting: Sandblast (safe; 3% risk of failure)
Confirm with . or Enter, or press ? or * to list all spells.
Aiming: Sandblast (safe; 3% risk of failure)
Press: ? - help, Shift-Dir - straight line You feel a surge of power!
The blast of sand hits something.
Something hits you but does no damage. The orc barely misses you.
The orc closely misses you.
Unknown command.
Unknown command.
Casting: Sandblast (safe; 3% risk of failure)
Confirm with . or Enter, or press ? or * to list all spells.
Aiming: Sandblast (safe; 3% risk of failure)
Press: ? - help, Shift-Dir - straight line You feel a surge of power!
The blast of sand hits something!
Reactivating autopickup.
You feel a bit more experienced. The orc hits you with a +0 flail!
You die...

##'## ..# ##...######
..# # #.........#
###..##.#
#.......#..###.....#.#
#.......###...........#
+...##..###..##.......
#... ##..#..###.....#
##...##.....##.o#.#.#
..............@)...# #.
#.........##o.###
##..._...####)#
#......... #..#
..............#
.##.....##....#
#..#..###.#.# ..###..
#.#.# ..#.#


You could see 2 orcs.

Vanquished Creatures
  A sleepcap (D:3)
  An orc wizard (D:3)
  2 adders (D:3)
  3 dart slugs
  2 orcs (D:3)
  2 endoplasms (D:1)
  3 giant cockroaches
  4 goblins (D:1)
  4 hobgoblins (D:1)
  A quokka (D:1)
  6 ball pythons
  6 bats
  2 frilled lizards (D:2)
  4 kobolds
  8 rats
49 creatures vanquished.

Vanquished Creatures (others)
  A demonic plant (D:3)
  2 withered plants (D:3)
3 creatures vanquished.

Grand Total: 52 creatures vanquished

Notes
Turn   | Place    | Note
-------+----------+-------------------------------------------
     0 | D:1      | protoss039 the Demonspawn Earth Elementalist began the
                  | quest for the Orb.
     0 | D:1      | Reached XP level 1. HP: 13/13 MP: 3/3
     2 | D:1      | Noticed a formicid
     4 | D:1      | Noticed a felid
     4 | D:1      | Noticed a demigod
     7 | D:1      | Noticed a merfolk
     7 | D:1      | Noticed a naga
     9 | D:1      | Noticed an armataur
     9 | D:1      | Noticed an elf
    11 | D:1      | Noticed an octopode
    11 | D:1      | Noticed a spriggan
    13 | D:1      | Noticed a tengu
    13 | D:1      | Noticed a draconian
    15 | D:1      | Noticed a vampire
    15 | D:1      | Noticed an ogre
    17 | D:1      | Noticed a demonspawn
    17 | D:1      | Noticed a gargoyle
    19 | D:1      | Noticed a troll
    19 | D:1      | Noticed a ghoul
    21 | D:1      | Noticed a meteoran
    23 | D:1      | Noticed a minotaur
    23 | D:1      | Noticed a vine stalker
    25 | D:1      | Noticed a human
    25 | D:1      | Noticed a meteoran
    27 | D:1      | Noticed a spriggan
    27 | D:1      | Noticed an elf
    61 | D:1      | Gained mutation: When seriously injured, your blood forms
                  | armour. (AC +6) [demonic ancestry]
    61 | D:1      | Reached XP level 2. HP: 14/20 MP: 0/5
   234 | D:1      | Reached skill level 1 in Fighting
   516 | D:1      | Reached XP level 3. HP: 11/26 MP: 0/6
  1183 | D:2      | Found a hide-covered altar of Uskayaw.
  1248 | D:2      | You are sucked into a shaft and drop 1 floor!
  1369 | D:3      | Found a faded altar of an unknown god.
  1461 | D:3      | Found a blossoming altar of Fedhas.
  1462 | D:3      | Found a bloodstained altar of Trog.
  1552 | D:3      | Reached XP level 4. HP: 20/33 MP: 1/8
  1637 | D:3      | Found a shadowy altar of Dithmenos.
  1722 | D:3      | Slain by an orc

Illustrated notes

Levels and vault maps discovered:
D:1:      kb_arrival_jail, layout_loops_ring, hangedman_decor_clover_reticule
D:2:      layout_loops_cross, basic_altar, nicolae_underground_beach,
          uniq_robin, uniq_crazy_yiuf_cottage
D:3:      layout_loops_corners, nicolae_hepliaklqana_hazy_memory,
          nicolae_dithmenos_shadow_blocks, mainiacjoe_overflow_divided_tiny,
          shapermc_ecumenical_altar_gd

Skill      XL: |  1  2  3  4 |
---------------+-------------+-----
Fighting       | 1 2 |  2.2
Earth Magic    | 3 |  3.5
Spellcasting   | 3 |  3.0
Dodging        | |  1.7
Stealth        | |  1.7
Transmutations | |  0.8

Action                     |  1- 3 |  4- 6 || total
---------------------------+-------+-------++-------
  Melee: Hand axe          |    61 |       ||    61
         Punch             |     1 |       ||     1
         Short sword       |    29 |    11 ||    40
   Cast: Sandblast         |    39 |    14 ||    53
    Use: Potion            |       |     2 ||     2
   Stab: Sleeping          |     6 |       ||     6
 Armour: Robe              |    23 |    11 ||    34
  Dodge: Dodged            |    88 |    28 ||   116
